 Dungeon Crawl Stone Soup version 0.15.0-11-g6f4f891 (webtiles) character file.

4160 Mokocchi the Protected (level 10, -2/84 HPs)
             Began as a Minotaur Fighter on Aug 31, 2014.
             Was a High Priest of Qazlal.
             Killed from afar by Crauler's ghost (11 damage)
             ... with a blast of negative energy
             ... on Level 9 of the Dungeon.
             The game lasted 00:43:46 (7420 turns).

Mokocchi the Protected (Minotaur Fighter)           Turns: 7420, Time: 00:43:49

HP  -2/84        AC 22     Str 25 (27) XL: 10   Next:  7%
MP   4/4         EV  4     Int  5      God: Qazlal [*****.]
Gold 287         SH 16     Dex 12      Spells:  0 memorised,  9 levels left

rFire  . . .     SeeInvis +     a - +0 war axe
rCold  . . .     Clarity  .     E - +4 plate armour "Fottag" {+Rage +Fly rElec rF- MR++ Slay+4 SInv}
rNeg   . . .     rCorr    .     c - +0 shield
rPois  .         rRot     .     (helmet restricted)
rElec  +         Spirit   .     I - +0 cloak
SustAb .         Warding  .     s - +0 pair of gloves
rMut   .         Stasis   .     (no boots)
Gourm  .                        (no amulet)
MR     ++...                    n - ring of protection from fire
                                w - ring of flight

@: mighty, protected from physical damage, repel missiles, very heavily drained,
very resistant to hostile enchantments, extremely unstealthy
A: retaliatory headbutt, horns 2
a: Upheaval, Elemental Force, Disaster Area, Renounce Religion, Evoke Berserk
Rage, Evoke Flight


You were on level 9 of the Dungeon.
You worshipped Qazlal.
Qazlal was extremely pleased with you.
You were very hungry.

You visited 1 branch of the dungeon, and saw 9 of its levels.
You also visited: Sewer.

You collected 287 gold pieces.

Inventory:

Hand weapons
 a - a +0 war axe (weapon)
 C - a +0 blowgun
Missiles
 h - 3 curare-tipped needles
 p - 58 poisoned needles
 L - 3 tomahawks of returning (quivered)
Armour
 c - a +0 shield (worn)
 s - a +0 pair of gloves (worn)
 E - the +4 plate armour "Fottag" (worn) {+Rage +Fly rElec rF- MR++ Slay+4 SInv}
   (You found it on level 5 of the Dungeon)

   It affects your accuracy and damage with ranged weapons and melee attacks
   (+4).
   It makes you vulnerable to fire.
   It insulates you from electricity.
   It affects your resistance to hostile enchantments.
   It enhances your eyesight.
   It lets you fly.
   It lets you go berserk.
 I - a +0 cloak (worn)
Magical devices
 l - a wand of fire (2)
 m - a wand of frost (10)
 r - a wand of polymorph (11) {unknown}
 u - a wand of polymorph (15) {unknown}
 v - a wand of digging (11)
 B - a wand of fire (7)
Comestibles
 d - 12 bread rations
 o - 2 slices of pizza
 q - 3 meat rations
 z - 2 fruits
 J - a royal jelly
Scrolls
 b - a scroll of amnesia
 i - 3 scrolls of enchant armour
 j - 8 scrolls of remove curse
 k - a scroll of identify
 y - 7 scrolls of teleportation
 G - 2 scrolls of immolation
 N - a scroll of blinking
Jewellery
 g - an uncursed ring of wizardry
 n - a ring of protection from fire (right hand)
 w - a ring of flight (left hand)
 P - a cursed ring of loudness
Potions
 e - 2 potions of might
 F - 2 potions of agility


   Skills:
 - Level 6.6(3.2) Fighting
 - Level 10.0(6.3) Axes
 - Level 10.2(6.5) Armour
 + Level 5.8(2.5) Dodging
 - Level 7.7(4.2) Shields


You had 9 spell levels left.
You didn't know any spells.

Dungeon Overview and Level Annotations

Branches:
Dungeon (9/15)             Temple (0/1) D:5
    Orc: D:9-12        Lair: D:8-11

Altars:
Dithmenos
Fedhas
Okawaru
Qazlal
Xom
The Shining One

Annotations:
D:9 Crauler's ghost, experienced DrMo


Innate Abilities, Weirdness & Mutations

You reflexively headbutt those who attack you in melee.
You have a pair of horns on your head.


Message History

* * * LOW HITPOINT WARNING * * *
The iguana closely misses you.
Unknown command.
Drink which item? (? for menu, Esc to quit)
You feel very mighty all of a sudden.
Crauler's ghost breathes negative energy at you.
The blast of negative energy hits you!
You feel drained.
* * * LOW HITPOINT WARNING * * *
You block the iguana's attack.
You hit Crauler's ghost. You headbutt Crauler's ghost!
Crauler's ghost is heavily damaged.
The iguana bites you but does no damage.
You block Crauler's ghost's attack.
You hit Crauler's ghost. You headbutt Crauler's ghost!!
Crauler's ghost is almost destroyed.
Your protection from physical attacks is fading.
The iguana barely misses you.
Crauler's ghost breathes negative energy at you.
The blast of negative energy hits you!
You feel drained.
You die...

. ## #. . .#
.. ...##.#
.####.#
..... .....
[.§ O..
#l##§####..#
#.@W.......#
####.#####.#
.# .# .. ##


You could see an iguana and Crauler's ghost.

Vanquished Creatures
  The ghost of letownia the Charlatan, an experienced KoAr (D:3)
  Grinder (D:4)
  A spriggan (D:7)
  2 orc warriors (D:8)
  4 sky beasts
  2 ice beasts (D:8)
  3 phantoms
  5 ogres
  3 centaurs (D:8)
  2 crocodiles
  Sigmund (D:4)
  3 giant frogs
  3 scorpions
  A hippogriff skeleton (D:5)
  4 crimson imps
  A centaur zombie (D:6)
  A goliath beetle (D:6)
  Crazy Yiuf (D:7)
  2 orc priests
  3 hounds (D:4)
  A gnoll shaman (D:4)
  5 iguanas
  8 orc wizards
  Natasha (D:4)
  2 quasits
  3 worker ants
  An ogre zombie (D:6)
  10 adders
  10 gnolls
  2 green rats (D:5)
  An inept feature mimic (D:4)
  3 shadow imps (D:6)
  3 worms
  A giant mite (D:5)
  4 giant geckos
  An ooze (D:3)
  25 orcs
  13 bats
  A bat skeleton (D:7)
  4 giant cockroaches
  11 hobgoblins
  21 jackals
  3 quokkas
  2 ball pythons
  11 giant newts
  11 goblins
  3 goblin skeletons (D:6)
  A goblin zombie (D:6)
  A hobgoblin zombie (D:5)
  12 kobolds
  A kobold skeleton (D:6)
  A kobold zombie (D:6)
  2 orc skeletons (D:6)
  An orc zombie (D:6)
  A quokka skeleton (D:6)
  9 rats
  2 rat skeletons (D:4)
  13 ballistomycetes (D:8)
  5 fungi (D:7)
  A plant (D:8)
255 creatures vanquished.

Vanquished Creatures (others)
  A giant spore (D:8)
  2 plants (D:8)
3 creatures vanquished.

Grand Total: 258 creatures vanquished

Notes
Turn   | Place    | Note
--------------------------------------------------------------
     0 | D:1      | Mokocchi, the Minotaur Fighter, began the quest for the Orb.
     0 | D:1      | Reached XP level 1. HP: 19/19 MP: 1/1
   257 | D:1      | Reached XP level 2. HP: 23/26 MP: 1/1
   727 | D:2      | Reached skill level 4 in Axes
   872 | D:2      | Reached XP level 3. HP: 26/31 MP: 2/2
  1262 | D:3      | Found a blossoming altar of Fedhas.
  1264 | D:3      | Found a stormy altar of Qazlal.
  1270 | D:3      | Became a worshipper of Qazlal Stormbringer
  1295 | D:3      | Reached skill level 5 in Axes
  1400 | D:3      | Reached XP level 4. HP: 36/39 MP: 2/2
  1883 | D:3      | Noticed letownia's ghost (experienced KoAr)
  1905 | D:3      | Killed letownia's ghost
  1905 | D:3      | Reached skill level 8 in Axes
  1905 | D:3      | Reached XP level 5. HP: 32/45 MP: 2/2
  1905 | D:3      | Reached XP level 6. HP: 36/51 MP: 3/3
  2536 | D:4      | Reached skill level 5 in Fighting
  2693 | D:4      | Reached XP level 7. HP: 53/61 MP: 3/3
  2697 | D:4      | Acquired Qazlal's first power
  2875 | D:4      | Noticed Sigmund
  2904 | D:4      | Killed Sigmund
  3121 | D:4      | Noticed Grinder
  3132 | D:4      | Killed Grinder
  3132 | D:4      | Reached skill level 5 in Armour
  3148 | D:4      | Noticed Natasha
  3151 | D:4      | Killed Natasha
  3175 | D:4      | Got a ruby-encrusted plate armour
  3176 | D:4      | Identified the cursed -5 plate armour "Yrcheja" {rF+} (You found it on level 4 of the Dungeon)
  3258 | D:4      | Reached XP level 8. HP: 71/71 MP: 3/3
  3264 | D:4      | Got a faintly humming ring mail
  3265 | D:4      | Identified the +5 ring mail "Iwneqe" {Str+5} (You found it on level 4 of the Dungeon)
  3489 | D:4      | Found a staircase to the Ecumenical Temple.
  3609 | D:4      | the staircase to the Ecumenical Temple was a mimic.
  3695 | D:5      | Entered Level 5 of the Dungeon
  3777 | D:5      | Found a staircase to the Ecumenical Temple.
  3780 | D:5      | Found a glowing drain.
  3790 | D:5      | Acquired Qazlal's second power
  3794 | D:5      | Found a shadowy altar of Dithmenos.
  3796 | Sewer    | Entered a sewer
  4047 | D:5      | Got an ichor-stained plate armour
  4048 | D:5      | Identified the +4 plate armour "Fottag" {+Rage +Fly rElec rF- MR++ Slay+4 SInv} (You found it on level 5 of the Dungeon)
  4104 | D:5      | Reached skill level 5 in Shields
  4632 | D:6      | Found a glowing golden altar of the Shining One.
  4651 | D:6      | Acquired Qazlal's third power
  4802 | D:6      | Reached XP level 9. HP: 78/78 MP: 4/4
  5273 | D:7      | Noticed Crazy Yiuf
  5281 | D:7      | Killed Crazy Yiuf
  5388 | D:7      | Acquired Qazlal's fourth power
  5388 | D:7      | Reached skill level 9 in Axes
  5820 | D:7      | Found a shimmering altar of Xom.
  5820 | D:7      | Found an iron altar of Okawaru.
  6023 | D:8      | Reached skill level 10 in Axes
  6174 | D:8      | Reached skill level 10 in Armour
  6392 | D:8      | Reached skill level 1 in Dodging
  6972 | D:8      | Acquired Qazlal's fifth power
  7236 | D:8      | Reached skill level 5 in Dodging
  7236 | D:8      | Reached XP level 10. HP: 84/84 MP: 4/4
  7401 | D:9      | Noticed Crauler's ghost (experienced DrMo)
  7420 | D:9      | Killed from afar by Crauler's ghost

Action                   |  1- 3 |  4- 6 |  7- 9 | 10-12 || total
-------------------------+-------+-------+-------+-------++-------
Melee: War axe           |   111 |    93 |   385 |    45 ||   634
Evoke: Wand              |       |       |     3 |     1 ||     4
  Use: Scroll            |       |     2 |    13 |       ||    15
       Potion            |       |       |    10 |     1 ||    11
  Eat: Chunk             |     2 |     4 |    11 |       ||    17
       Bread ration      |       |       |     1 |       ||     1
